[Event "Tournoi de MI Clichy 92 2022"]
[Site "Clichy, France"]
[Date "2022.02.20"]
[Round "1.4"]
[White "Sorbe, Stephane"]
[Black "Degardin, Sylvain"]
[Result "1-0"]
[TimeControl "1H40 40 moves plus 30 minutes + 30 seconds from move one"]
[WhiteElo "2326"]
[BlackElo "2288"]

1. d4 d5 2. Nf3 Nf6 3. c3 e6 4. Bg5 Nbd7 5. Nbd2 Be7 6. e3 b6 7. Bd3 Bb7 8. O-O O-O 9. Ne5 Nxe5 10.
dxe5 Nd7 11. Bxe7 Qxe7 12. f4 f6 13. Qh5 g6 14. Qh4 Rae8 15. Qg3 fxe5 16. fxe5 Qg7 17. Rxf8+ Rxf8 18. Nf3 c5 19.
Rd1 Bc6 20. b4 a5 21. bxa5 b5 22. Rb1 c4 23. Bc2 Ra8 24. Rf1 Nc5 25. Nd4 Bd7 26. Qg5 h6 27. Qg3 Nd3 28. Rf6 Kh7 29.
Bxd3 cxd3 30. Qf2 Kg8 31. Qd2 Rxa5 32. Qxd3 Kh7 33. Qc2 Ra6 34. h4 h5 35. Nf3 Be8 36. Ng5+ Kh6 37. Qf2 Ra8 38.
Qf4 Ra4 39. e4 Qa7+ 40. Kh2 Kg7 41. Rxe6 1-0

[Event "Tournoi de MI Clichy 92 2022"]
[Site "Clichy, France"]
[Date "2022.02.20"]
[Round "1.3"]
[White "Onkoud, Abdelaziz"]
[Black "Soham Das"]
[Result "1-0"]
[TimeControl "1H40 40 moves plus 30 minutes + 30 seconds from move one"]
[WhiteElo "2317"]
[BlackElo "2378"]

1. Nf3 d5 2. b3 Nf6 3. Bb2 Bf5 4. g3 e6 5. Bg2 c5 6. O-O Nc6 7. d3 h6 8. c4 Be7 9. Na3 O-O 10.
Nc2 Qd7 11. Ne3 Bh7 12. cxd5 Nxd5 13. Nxd5 exd5 14. d4 Bf6 15. Rc1 cxd4 16. Nxd4 Rfe8 17. e3 Nb4 18. Ba1 Nxa2 19. Rc5 Be4 20.
Bxe4 dxe4 21. Qe2 Nb4 22. Nf5 Qe6 23. Qg4 Bxa1 24. Rxa1 Qf6 25. Ra4 Nd3 26. Rd5 Kh8 27. Rxe4 Ne5 28.
Qf4 g5 29. Qxe5 Rxe5 30. Rdxe5 Rd8 31. Nd4 Rc8 32. Rf5 Rc1+ 33. Kg2 Qa6 34. Kf3 Qg6 35. Re7 g4+ 36. Ke4 Rc5 37. Rexf7 Rxf5 38.
Rxf5 Kg7 39. Kf4 a6 1-0

[Event "Tournoi de MI Clichy 92 2022"]
[Site "Clichy, France"]
[Date "2022.02.20"]
[Round "1.5"]
[White "Mekhane, Adam"]
[Black "Decuigniere, Tom"]
[Result "1/2-1/2"]
[TimeControl "1H40 40 moves plus 30 minutes + 30 seconds from move one"]
[WhiteElo "2316"]
[BlackElo "2292"]

1. e4 c6 2. d4 d5 3. exd5 cxd5 4. Bd3 Nc6 5. c3 e6 6. Nf3 Bd6 7. O-O Qc7 8. Re1 Nge7 9. Nbd2 Ng6 10.
Nf1 Bd7 11. Ng3 O-O-O 12. Nh5 e5 13. dxe5 Ncxe5 14. Nxe5 Bxe5 15. h3 Rhe8 16. Be3 Kb8 17. Qd2 Bc6 18. Bd4 f6 19. Kh1 Nf4 20.
Nxf4 Bxf4 21. Qc2 Be5 22. Bxh7 Bxd4 23. cxd4 Qf4 24. Rxe8 Rxe8 25. Rd1 Bd7 26. Bg6 Rh8 27. Qd2 Rxh3+ 28. gxh3 Qf3+ 29. Kh2 Qxh3+ 30. Kg1 Qg4+ 31. Kh2 1/2-1/2

[Event "Tournoi de MI Clichy 92 2022"]
[Site "Clichy, France"]
[Date "2022.02.20"]
[Round "1.2"]
[White "Valles Moreno, Ivan"]
[Black "Droin, Augustin"]
[Result "0-1"]
[TimeControl "1H40 40 moves plus 30 minutes + 30 seconds from move one"]
[WhiteElo "2393"]
[BlackElo "2365"]

1. Nf3 b6 2. e4 Bb7 3. Nc3 e6 4. d4 Bb4 5. Bd3 Nf6 6. Nd2 c5 7. e5 cxd4 8. Nb5 Nd5 9. O-O d6 10.
Qg4 O-O 11. Nf3 dxe5 12. Bh6 g6 13. Bxf8 Bxf8 14. Nxe5 Bg7 15. Rfe1 Bxe5 16. Rxe5 Nc6 17. Ree1 Ndb4 18. Rad1 a6 19.
Na3 Nxd3 20. Rxd3 Qd5 21. c4 Qa5 22. Qd1 Rd8 23. Qd2 Qc5 24. Qh6 Qb4 25. Kf1 Ne7 26. Qd2 Qd6 27. Qg5 Nf5 28.
g4 Ne7 29. Qh4 Kf8 30. Nc2 Qc6 31. b3 Qg2+ 32. Ke2 Qe4+ 33. Ne3 Qf3+ 34. Kd2 Be4 35. Qxe7+ Kxe7 36. Nf5+ gxf5 37. Rxf3 Bxf3 38.
gxf5 Kf6 39. fxe6 fxe6 40. b4 e5 41. Rb1 Rc8 42. Kd3 Kf5 43. Re1 Rd8 44. Rc1 e4+ 45. Kd2 Kf4 46. Ke1 Ke5 0-1

[Event "Tournoi de MI Clichy 92 2022"]
[Site "Clichy, France"]
[Date "2022.02.20"]
[Round "1.1"]
[White "Benmesbah, Natacha"]
[Black "Petrov, Martin"]
[Result "0-1"]
[TimeControl "1H40 40 moves plus 30 minutes + 30 seconds from move one"]
[WhiteElo "2221"]
[BlackElo "2547"]

1. e4 c5 2. Nf3 e6 3. d3 Nc6 4.
g3 d5 5.
Qe2 Be7 6. Bg2 Nf6 7. O-O O-O 8. e5 Nd7 9. c4 b5 10. cxb5 Na5 11. Nc3 a6 12. bxa6 Bxa6 13. h4 Nc6 14.
Rd1 Rb8 15. Bf4 Rb4 16. Rd2 h6 17. h5 Bg5 18. Bxg5 hxg5 19. a3 Nd4 20. Nxd4 Rxd4 21. Qe3 f5 22. exf6 Qxf6 23. Re1 Bxd3 24.
Qxe6+ Qxe6 25. Rxe6 Bf5 26. Ree2 Rxd2 27. Rxd2 d4 28. Nd5 Re8 29. b4 Re1+ 30. Kh2 d3 31. Ne3 Bh7 32. Bd5+ Kf8 33.
b5 Nb6 34. Ng2 Rc1 35. Bf3 c4 36. Rd1 Rxd1 37. Bxd1 c3 38. Ne1 c2 39. Bxc2 dxc2 40. Nxc2 Bxc2 0-1

[ePGN "0.1;DGT LiveChess/2.2.5"]

[Event "Tournoi de MI Clichy 92 2022"]
[Site "Clichy, France"]
[Date "2022.02.21"]
[Round "2.1"]
[White "Petrov, Martin"]
[Black "Valles Moreno, Ivan"]
[Result "1/2-1/2"]
[TimeControl "1H40 40 moves plus 30 minutes + 30 seconds from move one"]
[WhiteElo "2547"]
[BlackElo "2393"]

1. e4 c5 2. Nf3 d6 3. d4 cxd4 4. Nxd4 Nf6 5. Nc3 Nc6 6. f3 e5 7. Nb3 Be7 8. Be3 O-O 9. Qd2 Be6 10.
Nd5 Nd7 11. O-O-O a5 12. Nxe7+ Qxe7 13. Qxd6 Qf6 14. Bb5 Rfc8 15. Kb1 a4 16. Nc1 Nd4 17. Bxd4 Bxa2+ 18. Nxa2 Qxd6 19. Bc3 Qb6 20.
Bxd7 Rxc3 21. Nxc3 a3 22. b3 a2+ 23. Kb2 Qa7 24. Ba4 Qf2 25. Rd3 h5 26. Rhd1 a1=Q+ 27. Rxa1 Qxg2 28. h4 Qf2 29.
Rh1 Ra6 30. Bb5 Rg6 31. Rd8+ Kh7 32. Bd3 Rg3 33. Rf1 Qh2 34. Rd7 f6 35. Rxb7 Qxh4 36. Nd5 Kh6 37. Ne7 g6 38. Rb6 Kg7 39.
Nd5 Rh3 40. Rxf6 Rh1 41. b4 Rxf1 42. Bxf1 Qh1 43. Bb5 h4 44. Bd7 h3 45. Bxh3 Qxh3 46. c3 Qf1 47. Ka3 Qd3 48. Ka4 g5 49.
Rf5 g4 50. Rg5+ Kh6 51. Rxg4 Qxf3 52. Rg8 Qxe4 53. Rd8 Qc4 54. Ka5 e4 55. Kb6 Qd3 56. Rd6 Kg5 57. Rc6 e3 58. Nxe3 Qxe3+ 59. Ka6 Qd3+ 60. b5 Qd7 61. c4 Kf4 62. c5 Ke5 63. Rd6 Qc8+ 64. Kb6 Qb8+ 65. Kc6 Qc8+ 66. Kb6 Qb8+ 67. Ka5 1/2-1/2

[Event "Tournoi de MI Clichy 92 2022"]
[Site "Clichy, France"]
[Date "2022.02.21"]
[Round "2.4"]
[White "Degardin, Sylvain"]
[Black "Mekhane, Adam"]
[Result "1-0"]
[TimeControl "1H40 40 moves plus 30 minutes + 30 seconds from move one"]
[WhiteElo "2288"]
[BlackElo "2316"]

1. e4 c5 2. Nf3 Nc6 3. Bb5 e6 4. O-O Nge7 5. d4 cxd4 6. Nxd4 Qb6 7. Nxc6 bxc6 8. Be2 Ng6 9. c4 Be7 10.
Nc3 O-O 11. Qc2 c5 12. Be3 Bb7 13. Rad1 Qc7 14. f4 d6 15. g3 Bc6 16. h4 h6 17. h5 Nh8 18. Bd3 f6 19. Qe2 Nf7 20.
Bb1 Rab8 21. Rf2 Rb6 22. Qd3 Rfb8 23. Bc1 Qc8 24. Re1 Ba8 25. Nd5 exd5 26. exd5 Kf8 27. Qg6 Qe8 28. Rfe2 R6b7 29.
Qh7 Rc7 30. Bf5 Bb7 31. Be6 Bc8 32. f5 Rbb7 33. Re4 Bxe6 34. dxe6 Qb8 35. Rg4 Ke8 36. Qg8+ Bf8 37. exf7+ Kd7 38.
Re8 Rc8 39. Qxf8 1-0

[Event "Tournoi de MI Clichy 92 2022"]
[Site "Clichy, France"]
[Date "2022.02.21"]
[Round "2.3"]
[White "Onkoud, Abdelaziz"]
[Black "Sorbe, Stephane"]
[Result "0-1"]
[TimeControl "1H40 40 moves plus 30 minutes + 30 seconds from move one"]
[WhiteElo "2317"]
[BlackElo "2326"]

1. g3 d5 2. Bg2 c6 3. d3 Nf6 4. Nd2 Bg4 5. h3 Bh5 6. Ngf3 Nbd7 7. O-O e6 8. e4 Be7 9. Qe2 O-O 10.
g4 Bg6 11. Nh4 dxe4 12. Nxg6 hxg6 13. dxe4 e5 14. Nb3 Qc7 15. Be3 a5 16. a4 Rfd8 17. Rfd1 Nf8 18. Rxd8 Rxd8 19. Rd1 Ne6 20.
Rxd8+ Bxd8 21. f3 Nd7 22. Qd2 b5 23. axb5 cxb5 24. Bf1 a4 25. Nc1 Nd4 26. Bxd4 exd4 27. Nd3 Be7 28. f4 Qb6 29.
e5 b4 30. Bg2 a3 31. Qc1 Qa5 32. Qa1 Nc5 33. bxa3 Nxd3 34. cxd3 bxa3 35. Qa2 Qe1+ 36. Kh2 Bh4 37. Bd5 Qg3+ 38.
Kh1 Qxh3+ 39. Kg1 Qxg4+ 40. Kh1 Qxf4 41. e6 fxe6 42. Bxe6+ Kh7 0-1

[Event "Tournoi de MI Clichy 92 2022"]
[Site "Clichy, France"]
[Date "2022.02.21"]
[Round "2.5"]
[White "Decuigniere, Tom"]
[Black "Benmesbah, Natacha"]
[Result "1-0"]
[TimeControl "1H40 40 moves plus 30 minutes + 30 seconds from move one"]
[WhiteElo "2292"]
[BlackElo "2221"]

1. d4 d6 2. c4 e5 3. e3 Nd7 4. Nc3 g6 5. g3 Bg7 6. Bg2 Ne7 7. Nge2 O-O 8. O-O exd4 9. exd4 a6 10.
b3 Rb8 11. a4 a5 12. Qd2 Nf5 13. Bb2 Nf6 14. Rfe1 Bd7 15. Rad1 Bc6 16. d5 Bd7 17. Nb5 Bxb5 18. cxb5 b6 19.
Bh3 Ne4 20. Qc2 Ng5 21. Bg2 Bxb2 22. Qxb2 Re8 23. Nf4 h5 24. Rxe8+ Qxe8 25. Nxh5 Nh7 26. Nf4 Qe5 27. Qxe5 dxe5 28.
Nd3 f6 29. Rc1 Rc8 30. Bh3 Kf7 31. Bxf5 gxf5 32. d6 Ke6 33. dxc7 Kd7 34. b4 axb4 35. Nxb4 Rxc7 36. Rxc7+ Kxc7 37.
Nd5+ Kb7 38. h4 1-0

[Event "Tournoi de MI Clichy 92 2022"]
[Site "Clichy, France"]
[Date "2022.02.21"]
[Round "2.2"]
[White "Soham Das"]
[Black "Droin, Augustin"]
[Result "0-1"]
[TimeControl "1H40 40 moves plus 30 minutes + 30 seconds from move one"]
[WhiteElo "2378"]
[BlackElo "2365"]

1. d4 d5 2. Bf4 c5 3. e3 Nc6 4. Nc3 cxd4 5. exd4 a6 6. Nf3 Bg4 7. Be2 e6 8. Ne5 Nxe5 9. Bxe5 Bxe2 10.
Nxe2 Ne7 11. Nf4 Qa5+ 12. c3 Nc6 13. Qh5 Nxe5 14. Qxe5 Qb5 15. O-O-O O-O-O 16. Nd3 Rd7 17. Kb1 Rc7 18.
Ka1 Qc4 19. f4 a5 20. f5 Rc6 21. fxe6 fxe6 22. Qe3 Rb6 23. Rhf1 a4 24. Rc1 Kb8 25. Rf7 Bd6 26. Nc5 Ka7 27.
Qd3 Bxc5 28. Qxc4 dxc4 29. dxc5 Rc6 30. Rd1 Rxc5 31. Rdd7 Rb5 32. Rxg7 a3 33. bxa3 Rf8 34. Rgf7 Rxf7 35.
Rxf7 Rf5 36. Rxf5 exf5 37. Kb2 Kb6 38. a4 Ka5 39. Ka3 f4 40. h3 h6 41. h4 h5 42. Kb2 Kxa4 43. Kc2 Kb5 44.
Kb2 Kc5 45. Ka3 b5 46. Kb2 Kd5 47. Ka3 Ke4 48. Kb4 Kd3 49. Kxb5 Kxc3 50. a4 Kd4 0-1

[ePGN "0.1;DGT LiveChess/2.2.5"]

[Event "Tournoi de MI Clichy 92 2022"]
[Site "Clichy, France"]
[Date "2022.02.21"]
[Round "3.5"]
[White "Droin, Augustin"]
[Black "Petrov, Martin"]
[Result "1/2-1/2"]
[TimeControl "1H40 40 moves plus 30 minutes + 30 seconds from move one"]
[WhiteElo "2365"]
[BlackElo "2547"]

1. e4 c5 2. Nf3 d6 3. Bb5+ Nd7 4. Ba4 Ngf6 5. Qe2 a6 6. c4 g6 7. Nc3 Bg7 8. O-O O-O 9. Bc2 Ng4 10.
d3 Nde5 11. Nxe5 Nxe5 12. f4 Nc6 13. Be3 Nd4 14. Qd2 b5 15. Rae1 Rb8 16. Bb1 f5 17. b3 b4 18. Ne2 e5 19.
fxe5 dxe5 20. exf5 Bxf5 21. Ng3 Qd7 22. Bh6 Rbe8 23. Rf2 Bxh6 24. Qxh6 Qg7 25. Qe3 h5 26. Bc2 h4 27. Nf1 g5 28.
Bd1 g4 29. g3 e4 30. dxe4 Rxe4 31. Qd2 Rd8 32. Rxe4 Bxe4 33. Qe3 Bf3 34. Bxf3 gxf3 35. Kh1 h3 36. Nd2 Qg6 37. Nxf3 Re8 38.
Qc1 Rf8 39. Nh4 Qe4+ 40. Kg1 Ne2+ 41. Rxe2 Qxe2 42. Qg5+ Kh7 43. Qg6+ Kh8 44. Qh6+ Kg8 45. Qg6+ Kh8 46. Qh6+ Kg8 47.
Qg6+ 1/2-1/2

[Event "Tournoi de MI Clichy 92 2022"]
[Site "Clichy, France"]
[Date "2022.02.21"]
[Round "3.1"]
[White "Benmesbah, Natacha"]
[Black "Degardin, Sylvain"]
[Result "1-0"]
[TimeControl "1H40 40 moves plus 30 minutes + 30 seconds from move one"]
[WhiteElo "2221"]
[BlackElo "2288"]

1. e4 e5 2. Nf3 Nc6 3. Bb5 a6 4. Ba4 Nf6 5. d3 d6 6. a3 g6 7. Nc3 Bg7 8. h3 O-O 9. Bg5 h6 10.
Be3 Kh7 11. O-O Bd7 12. Bb3 Qe8 13. Re1 Nh5 14. Nd5 Rc8 15. d4 b6 16. g4 f5 17. exf5 e4 18. Nh4 gxf5 19. gxh5 f4 20.
Nxf4 Nxd4 21. Bxd4 Rxf4 22. Ng6 Rf5 23. Bxg7 Kxg7 24. Qd4+ Kh7 25. Rxe4 Rg5+ 26. Kh2 Rxh5 27. Rxe8 Rxh3+ 28. Kg2 Rxe8 29. Nf4 Rh4 30. Qd3+ 1-0

[Event "Tournoi de MI Clichy 92 2022"]
[Site "Clichy, France"]
[Date "2022.02.21"]
[Round "3.2"]
[White "Valles Moreno, Ivan"]
[Black "Decuigniere, Tom"]
[Result "1/2-1/2"]
[TimeControl "1H40 40 moves plus 30 minutes + 30 seconds from move one"]
[WhiteElo "2393"]
[BlackElo "2292"]

1. Nf3 c5 2. c4 g6 3. d4 cxd4 4. Nxd4 Nc6 5. e4 Nf6 6. Nc3 d6 7. Be2 Nxd4 8. Qxd4 Bg7 9. Be3 O-O 10.
Qd2 a5 11. O-O a4 12. Rad1 Qa5 13. Bd4 Bd7 14. Qe3 Ng4 15. Qg3 Bxd4 16. Rxd4 Nf6 17. Rfd1 Bc6 18. a3 Nd7 19. Nd5 Bxd5 20.
exd5 Qb6 21. Qc3 Qc5 22. Qh3 Rfd8 23. Qe3 Re8 24. h4 Nf6 25. Bf3 h5 26. Qg5 Kg7 27. Rf4 b5 28. Re1 Nh7 29.
Qg3 Nf6 30. Qg5 Nh7 31. Qg3 Nf6 1/2-1/2

[Event "Tournoi de MI Clichy 92 2022"]
[Site "Clichy, France"]
[Date "2022.02.21"]
[Round "3.3"]
[White "Sorbe, Stephane"]
[Black "Soham Das"]
[Result "1/2-1/2"]
[TimeControl "1H40 40 moves plus 30 minutes + 30 seconds from move one"]
[WhiteElo "2326"]
[BlackElo "2378"]

1. d4 f5 2. Nf3 Nf6 3. g3 g6 4. Bg2 Bg7 5. O-O O-O 6. c4 d6 7. Nc3 c6 8. Rb1 Ne4 9. Qc2 Nxc3 10.
bxc3 h6 11. Re1 g5 12. h4 g4 13. Nh2 e5 14. e3 e4 15. Ba3 Rf7 16. Nf1 Be6 1/2-1/2

[Event "Tournoi de MI Clichy 92 2022"]
[Site "Clichy, France"]
[Date "2022.02.21"]
[Round "3.4"]
[White "Mekhane, Adam"]
[Black "Onkoud, Abdelaziz"]
[Result "1-0"]
[TimeControl "1H40 40 moves plus 30 minutes + 30 seconds from move one"]
[WhiteElo "2316"]
[BlackElo "2317"]

1. e4 d6 2. d4 g6 3. Nc3 Bg7 4. Nf3 a6 5. a4 Bg4 6. Be2 Nc6 7. Be3 Nf6 8. d5 Nb8 9. Qd2 Nbd7 10.
O-O O-O 11. Bh6 Bxf3 12. Bxf3 e5 13. a5 Ne8 14. Bxg7 Nxg7 15. Be2 f5 16. f4 exf4 17. Rxf4 g5 18. Rf2 f4 19. g3 fxg3 20. Rxf8+ Qxf8 21.
hxg3 Qe7 22. Rf1 Ne5 23. Kg2 Rf8 24. Rxf8+ Kxf8 25. Qe3 h5 26. Qa7 h4 27. Qxb7 hxg3 28. Qxa6 Ng6 29. Qc8+ Kf7 30.
Qg4 Nf4+ 31. Kxg3 Qf6 32. a6 Qd4 33. Kf3 Ng6 34. Qxg5 Ne8 35. Bd3 Nf6 36. Qe3 Qe5 37. Ke2 Qh5+ 38.
Kd2 Qh1 39. Be2 Qa1 40. a7 Ne5 41. Qd4 Nfg4 42. Na4 1-0

[ePGN "0.1;DGT LiveChess/2.2.5"]

[Event "Tournoi de MI Clichy 92 2022"]
[Site "Clichy, France"]
[Date "2022.02.22"]
[Round "4.3"]
[White "Degardin, Sylvain"]
[Black "Valles Moreno, Ivan"]
[Result "1-0"]
[TimeControl "1H40 40 moves plus 30 minutes + 30 seconds from move one"]
[WhiteElo "2288"]
[BlackElo "2393"]

1. e4 c5 2. Nf3 d6 3. Bb5+ Bd7 4. Bxd7+ Nxd7 5. O-O Ngf6 6. Qe2 e6 7. c4 a6 8. Nc3 Rc8 9. b3 Be7 10.
Bb2 Qa5 11. d4 cxd4 12. Nxd4 Qh5 13. Qxh5 Nxh5 14. Rad1 Nhf6 15. Nde2 Nc5 16. f3 h5 17. Bc1 b6 18. Bf4 Nb7 19.
Rd2 Nd7 20. Rfd1 g5 21. Be3 Nbc5 22. Nc1 g4 23. Bf4 gxf3 24. gxf3 Ne5 25. Kf2 Rg8 26. N1e2 Nb7 27. Bg3 h4 28.
Bf4 h3 29. Bg3 Bd8 30. f4 Ng4+ 31. Kf3 Be7 32. Na4 b5 33. cxb5 axb5 34. Nac3 b4 35. Na4 e5 36. Nb6 Rc6 37.
Nc4 f6 38. f5 Nh6 39. Ng1 Nf7 40. Nxh3 Ra6 41. Ne3 Rh8 42. Nf2 Ng5+ 43. Ke2 Nc5 44. Nd5 Ra3 45. Ke3 Bd8 46. h4 Nf7 47.
Ng4 Kf8 48. Kf3 Rg8 49. Ngxf6 Bxf6 50. Nxf6 Rxg3+ 51. Kxg3 Kg7 52. Ne8+ Kf8 53. Nxd6 Nxd6 54. Rxd6 Nxe4+ 55. Kf3 Nxd6 56.
Rxd6 Rxa2 57. Rb6 Kf7 58. Ke4 Re2+ 59. Kd5 Re3 60. h5 Rxb3 61. Kxe5 Re3+ 62. Kf4 Re1 63. Rxb4 Kf6 64. Rb6+ Kf7 65.
h6 Rf1+ 66. Kg4 Rg1+ 67. Kf3 Rf1+ 68. Ke4 Re1+ 69. Kd3 Re5 70. Rb8 1-0

[Event "Tournoi de MI Clichy 92 2022"]
[Site "Clichy, France"]
[Date "2022.02.22"]
[Round "4.2"]
[White "Sorbe, Stephane"]
[Black "Mekhane, Adam"]
[Result "1/2-1/2"]
[TimeControl "1H40 40 moves plus 30 minutes + 30 seconds from move one"]
[WhiteElo "2326"]
[BlackElo "2316"]

1. d4 Nf6 2. Nf3 e6 3. Bg5 h6 4. Bh4 c5 5. e3 cxd4 6. exd4 Qb6 7. Qc1 g5 8. Bg3 Nc6 9. c3 Nh5 10.
Nbd2 d5 11. Be2 Nxg3 12. hxg3 Bg7 13. Nb3 Qc7 14. Qe3 b6 15. Nc1 Bb7 16. Nd3 O-O-O 17. O-O Kb8 18. Rfd1 f6 19. Nb4 Nxb4 20.
cxb4 e5 21. a4 e4 22. Nh2 f5 23. a5 Rhf8 24. Rdc1 Qd6 25. axb6 Qxb6 26. Rc5 f4 27. Qc3 Rf7 28. Nf1 Rdf8 29.
Bh5 Re7 30. b5 Rc7 31. b4 Rxc5 32. bxc5 Qxb5 33. Nd2 Rc8 34. Rb1 Qa4 35. Rb4 Qa6 36. Bf7 Ka8 37. Qb3 Rd8 38. Nb1 fxg3 39. Qxg3 Qa5 40. Qb3 Qc7 41.
Bh5 Bc6 42. Nc3 Qf4 43. g3 Qd2 44. Nxd5 Qe1+ 45.
Kg2 e3 46. f3 Qf2+ 47. Kh3 Qf1+ 48. Kh2 Qf2+ 49. Kh3 Qf1+ 50. Kh2 Qf2+ 51. Kh3 Qf1+ 52. Kh2 1/2-1/2

[Event "Tournoi de MI Clichy 92 2022"]
[Site "Clichy, France"]
[Date "2022.02.22"]
[Round "4.4"]
[White "Decuigniere, Tom"]
[Black "Droin, Augustin"]
[Result "1/2-1/2"]
[TimeControl "1H40 40 moves plus 30 minutes + 30 seconds from move one"]
[WhiteElo "2292"]
[BlackElo "2365"]

1. d4 Nf6 2. c4 e6 3. Nc3 Bb4 4. f3 O-O 5. a3 Bxc3+ 6. bxc3 Nh5 7. Nh3 f5 8. e3 d6 9. Bd3 c5 10.
O-O Nc6 11. Bd2 e5 12. f4 Nf6 13. d5 Na5 14. fxe5 dxe5 15. Be1 Ng4 16. Qe2 e4 17. Bc2 b6 18. Bg3 Ba6 19. Rxf5 Rxf5 20.
Qxg4 Qd7 21. Qxe4 Raf8 22. Bd3 Bxc4 23. Bxc4 Nxc4 24. Qxc4 b5 25. Qe2 Rxd5 26. Nf2 Rd2 27. Qe1 c4 28.
e4 Rd8 29. e5 Qe6 30. Ne4 Rb2 31. Rd1 Rd3 32. Nf2 Qd5 33. Rb1 Rxb1 34. Qxb1 Rxc3 35. Qe1 Qd4 36. Bf4 Rc2 37. g3 Ra2 38.
e6 Ra1 39. Bc1 Kf8 40. Qb4+ Kg8 41. Qe1 Kf8 42. Qb4+ Kg8 43. Qe1 1/2-1/2

[Event "Tournoi de MI Clichy 92 2022"]
[Site "Clichy, France"]
[Date "2022.02.22"]
[Round "4.1"]
[White "Onkoud, Abdelaziz"]
[Black "Benmesbah, Natacha"]
[Result "0-1"]
[TimeControl "1H40 40 moves plus 30 minutes + 30 seconds from move one"]
[WhiteElo "2317"]
[BlackElo "2221"]

1. Nf3 c5 2. b3 Nc6 3. Bb2 d6 4. e3 e5 5. d3 Be7 6. c4 f5 7. Nc3 Nf6 8. a3 O-O 9. Qc2 Kh8 10.
Be2 Qe8 11. O-O-O a6 12. h3 b5 13. Nd5 Nxd5 14. cxd5 Na5 15. Nd2 Bb7 16. Bf3 Rc8 17. Kb1 Qf7 18. g4 Bxd5 19. Bxd5 Qxd5 20.
gxf5 Qf7 21. Qc3 Nc6 22. Rdg1 d5 23. Rg2 d4 24. Qc2 Na5 25. Rhg1 Bf6 26. Rc1 Rc7 27. b4 Nb7 28. Qb3 Qd7 29.
e4 Rfc8 30. Rgg1 a5 31. Rc2 h6 32. f4 exf4 33. Rgc1 axb4 34. axb4 c4 35. dxc4 d3 36. Rc3 Bxc3 37. Qxc3 bxc4 38. f6 Nd6 39. Rg1 Nb5 40. fxg7+ Kg8 41. Qf6 Qd6 42. Qf5 c3 43.
e5 cxb2 44. exd6 Rc1+ 45. Kxb2 R1c2+ 0-1

[Event "Tournoi de MI Clichy 92 2022"]
[Site "Clichy, France"]
[Date "2022.02.22"]
[Round "4.5"]
[White "Soham Das"]
[Black "Petrov, Martin"]
[Result "0-1"]
[TimeControl "1H40 40 moves plus 30 minutes + 30 seconds from move one"]
[WhiteElo "2378"]
[BlackElo "2547"]

1. e4 c5 2. Nf3 d6 3. d4 cxd4 4. Nxd4 Nf6 5. Nc3 g6 6. Be3 Bg7 7. Be2 O-O 8. Qd2 Nc6 9. O-O-O Ng4 10.
Bxg4 Bxg4 11. f3 Be6 12. Kb1 Qa5 13. Nd5 Bxd5 14. Qxa5 Nxa5 15. exd5 Nc4 16. Bg5 Rfe8 17. Rhe1 Kf8 18.
Re4 h6 19. Bc1 Nb6 20. Nb5 Rec8 21. Be3 Nc4 22. Bd4 Bxd4 23. Nxd4 Nb6 24. Nb3 Rc7 25. Na5 Rac8 26. Rd2 Rc5 27.
Nxb7 Nc4 28. Rdd4 R5c7 29. Nd8 Na5 30. Nc6 Nxc6 31. dxc6 Rxc6 32. c3 f5 33. Rh4 Rb8 34. Rb4 Rxb4 35.
Rxb4 Rc7 36. Rb8+ Kf7 37. Kc2 Rc5 38. Rb7 Ra5 39. a3 f4 40. Rb4 g5 41. Rb7 h5 42. c4 a6 43. Ra7 g4 44.
Kd3 Re5 45. Rxa6 Re3+ 46. Kd2 Rb3 47. Kc2 gxf3 48. gxf3 Rxf3 49. Ra5 e5 50. Rd5 Ke6 51. a4 e4 52. a5 Rf2+ 53. Kc1 e3 54.
Rd1 Kd7 55. c5 e2 56. Rxd6+ Ke7 57. Kd2 f3 58. Rd3 Rf1 59. Re3+ Kd7 0-1

[ePGN "0.1;DGT LiveChess/2.2.5"]

[Event "Tournoi de MI Clichy 92 2022"]
[Site "Clichy, France"]
[Date "2022.02.23"]
[Round "5.1"]
[White "Benmesbah, Natacha"]
[Black "Sorbe, Stephane"]
[Result "0-1"]
[TimeControl "1H40 40 moves plus 30 minutes + 30 seconds from move one"]
[WhiteElo "2221"]
[BlackElo "2326"]

1. e4 c6 2. d4 d5 3. e5 Bf5 4. Nd2 e6 5. Nb3 Nd7 6. Nf3 h6 7. Be2 g5 8. Bd2 Ne7 9. O-O Bg7 10.
a4 a5 11. c3 Qc7 12. Ne1 c5 13. Nxc5 Nxc5 14. dxc5 Qxc5 15. Bb5+ Kf8 16. Nf3 Qc7 17. Qe2 g4 18. Nd4 Bxe5 19.
g3 h5 20. Rae1 Bxd4 21. cxd4 Qc2 22. Qe5 Ng6 23. Qd6+ Kg7 24. Re2 Rad8 25. Qa3 Qc7 26. Rc1 Qb6 27. Rc5 Qd6 28. Qc3 b6 29.
Rc7 h4 30. Bg5 Rb8 31. Rd7 Qf8 32. Rc7 Rh5 33. gxh4 Nxh4 34. Bxh4 Rxh4 35. Qg3 Qh8 36. Qf4 Kg6 37. Bd3 Qf6 38.
Bxf5+ Qxf5 39. Qxf5+ exf5 40. Ree7 Rf8 41. Rb7 f4 42. Rxb6+ f6 43. f3 gxf3 44. Rb5 Rfh8 45. Kf2 Rxh2+ 46. Kxf3 R8h5 47. Rd7 R2h3+ 48. Kf2 Rd3 49. Rdxd5 Rh2+ 50. Ke1 f3 51. Rf5 Re2+ 0-1

[Event "Tournoi de MI Clichy 92 2022"]
[Site "Clichy, France"]
[Date "2022.02.23"]
[Round "5.5"]
[White "Droin, Augustin"]
[Black "Degardin, Sylvain"]
[Result "1-0"]
[TimeControl "1H40 40 moves plus 30 minutes + 30 seconds from move one"]
[WhiteElo "2365"]
[BlackElo "2288"]

1. e4 e5 2. Nf3 Nc6 3. Bc4 Bc5 4. c3 Nf6 5. d3 d6 6. O-O a5 7. Re1 h6 8. d4 Bb6 9. h3 O-O 10.
Bb5 Ne7 11. Nbd2 c6 12. Bd3 Ng6 13. Nf1 Nh5 14. Nxe5 Nxe5 15. dxe5 Qh4 16. Be3 Bxe3 17. Nxe3 dxe5 18. g3 Nxg3 19.
Ng2 Qxh3 20. fxg3 Qxg3 21. Re3 Qg5 22. Qe1 Be6 23. Rg3 Qe7 24. Ne3 Rfd8 25. Nf5 Qc5+ 26. Kh2 Bxf5 27. exf5 Rd6 28.
Qg1 Qxg1+ 29. Raxg1 Kh8 30. Bc4 Rf6 31. Rxg7 Rd8 32. Rxf7 Rd2+ 33. Rg2 1-0

[Event "Tournoi de MI Clichy 92 2022"]
[Site "Clichy, France"]
[Date "2022.02.23"]
[Round "5.2"]
[White "Valles Moreno, Ivan"]
[Black "Onkoud, Abdelaziz"]
[Result "1-0"]
[TimeControl "1H40 40 moves plus 30 minutes + 30 seconds from move one"]
[WhiteElo "2393"]
[BlackElo "2317"]

1. Nf3 d6 2. d4 Bg4 3. e4 Nf6 4. Nc3 e6 5. h3 Bh5 6. Qe2 a6 7. g4 Bg6 8. h4 h5 9. g5 Nfd7 10.
Bh3 c5 11. d5 e5 12. a4 b6 13. Be3 Bh7 14. Nd2 g6 15. Rg1 Bg7 16. Nc4 Qc7 17. f4 exf4 18. Bxf4 Ne5 19. Bxe5 dxe5 20.
d6 Qc6 21. Nd5 Ra7 22. Ncxb6 O-O 23. Ne7+ Rxe7 24. dxe7 Qxb6 25. exf8=Q+ Bxf8 26. c3 1-0

[Event "Tournoi de MI Clichy 92 2022"]
[Site "Clichy, France"]
[Date "2022.02.23"]
[Round "5.3"]
[White "Mekhane, Adam"]
[Black "Soham Das"]
[Result "1/2-1/2"]
[TimeControl "1H40 40 moves plus 30 minutes + 30 seconds from move one"]
[WhiteElo "2316"]
[BlackElo "2378"]

1. e4 c5 2. Nf3 d6 3. d4 cxd4 4. Nxd4 Nf6 5. Nc3 a6 6. Be2 e5 7. Nb3 Be7 8. O-O O-O 9. Qd3 Be6 10.
Bd2 Nbd7 11. Nd5 Bxd5 12. exd5 Nc5 13. Nxc5 dxc5 14. c4 Qc7 15. Bc3 Bd6 16. Qf5 Ne8 17. Bd3 g6 18. Qh3 f5 19. f3 Nf6 20. Bc2 Rae8 21.
Rae1 b5 22. b3 Re7 23. Qh4 Nh5 24. Kh1 Nf4 25. a4 b4 26. Bd2 Ree8 27. Qf2 Qg7 28. Be3 Qc7 29. Qg1 Re7 30. g3 Nh5 31.
g4 fxg4 32. fxg4 Rxf1 33. Rxf1 Nf4 34. Be4 Rf7 35. Qf2 Qe7 36. h4 a5 37. Kh2 Rf8 38. Qg3 Ne2 39. Rxf8+ Qxf8 40. Qf2 Qxf2+ 41. Bxf2 1/2-1/2

[Event "Tournoi de MI Clichy 92 2022"]
[Site "Clichy, France"]
[Date "2022.02.23"]
[Round "5.4"]
[White "Petrov, Martin"]
[Black "Decuigniere, Tom"]
[Result "1/2-1/2"]
[TimeControl "1H40 40 moves plus 30 minutes + 30 seconds from move one"]
[WhiteElo "2547"]
[BlackElo "2292"]

1. c4 c5 2. Nf3 g6 3. e4 Bg7 4. d4 cxd4 5. Nxd4 Nc6 6. Nc2 d6 7. Be2 Be6 8. O-O Rc8 9. Ne3 Qd7 10.
f4 Nd4 11. Bd3 f5 12. Nc3 Nf6 13. exf5 Nxf5 14. Nxf5 Bxf5 15. Be3 Qe6 16. Bxa7 Bxd3 17. Qxd3 Qxc4 18. Qf3 O-O 19. Qxb7 Rc7 20.
Qb3 Qxb3 21. axb3 Ng4 22. h3 Rxa7 23. Rxa7 Bd4+ 24. Kh1 Bxa7 25. hxg4 Rb8 26. Re1 Kf7 27. Nd5 Rb7 28. f5 Bd4 29.
Re2 Be5 30. b4 h5 31. fxg6+ Kxg6 32. gxh5+ Kxh5 33. Re4 Kg5 34. g4 e6 35. Ne3 Bf4 36. Rxe6 Bxe3 37. Rxe3 Rxb4 38. Rd3 Rxb2 39.
Rxd6 Kxg4 1/2-1/2

[ePGN "0.1;DGT LiveChess/2.2.5"]